 Dungeon Crawl Stone Soup version 0.27-a0-1290-g15d3ce7508 (webtiles) character file.

Game seed: 2273709193420696209

7377 Delamore the Spear-Bearer (level 11, 0/72 HPs)
             Began as a Formicid Fighter on June 15, 2021.
             Was a High Priest of Hepliaklqana.
             Slain by a boulder beetle (30 damage)
             ... on level 9 of the Dungeon.
             The game lasted 00:08:45 (9955 turns).

Delamore the Spear-Bearer (Formicid Fighter)        Turns: 9955, Time: 00:08:46

Health: 0/72       AC: 15    Str: 23    XL:     11   Next: 36%
Magic:  11/11      EV:  6    Int:  9    God:    Hepliaklqana [*****.]
Gold:   558        SH: 17    Dex: 16    Spells: 10/10 levels left

rFire    . . .     SeeInvis +   a - +0 trident
rCold    . . .     Faith    .   c - +1 kite shield
rNeg     . . .     Spirit   .   h - +0 plate armour
rPois    .         Reflect  +   (helmet unavailable)
rElec    .         Harm     .   F - +0 cloak {rCorr}
rCorr    +         Rampage  .   j - +0 pair of gloves
Will     +....                  (no boots)
Stlth    ..........             o - amulet of reflection
HPRegen  0.22/turn              I - +6 ring of dexterity
MPRegen  0.12/turn              (no ring)

@: no status effects
A: reduced essence, permanent stasis, dig shafts and tunnels, antennae 3, four
strong arms
a: Dig, Shaft Self, Renounce Religion, Recall Ancestor, Ancestor Identity,
Transference, Idealise


You were on level 9 of the Dungeon.
You worshipped Hepliaklqana.
Hepliaklqana was extremely pleased with you.
You visited 1 branch of the dungeon, and saw 11 of its levels.
You also visited: Ossuary.

You collected 558 gold pieces.

Inventory:

Hand Weapons
 a - a +0 trident (weapon)
Missiles
 n - 8 boomerangs (quivered)
 D - 21 poisoned darts
 J - 7 curare-tipped darts
 N - 4 silver boomerangs
 P - 7 atropa-tipped darts
Armour
 b - a +0 scale mail
 c - a +1 kite shield (worn)
 h - a +0 plate armour (worn)
 j - a +0 pair of gloves (worn)
 F - a +0 cloak of preservation (worn)
Jewellery
 o - an amulet of reflection (around neck)
 B - an amulet of guardian spirit
 H - a ring of positive energy
 I - a +6 ring of dexterity (left hand)
Wands
 v - a wand of charming (3)
 y - a wand of mindburst (13)
 L - a wand of flame (13)
 O - a wand of digging (8)
Scrolls
 g - 5 scrolls of teleportation
 s - 4 scrolls of immolation
 u - a scroll of amnesia
 z - a scroll of holy word
 A - 2 scrolls of magic mapping
 C - a scroll of enchant weapon
 E - a scroll of vulnerability
 G - a scroll of enchant armour
 M - a scroll of torment {unknown}
 Q - a scroll of fear
Potions
 d - 3 potions of might
 e - 6 potions of curing
 f - 4 potions of heal wounds
 i - 2 potions of attraction
 k - 3 potions of haste
 l - a potion of flight
 m - 2 potions of berserk rage
 p - 2 potions of ambrosia
 q - 4 potions of brilliance
 r - a potion of resistance
 w - 2 potions of degeneration
 x - 2 potions of magic
 K - a potion of mutation


   Skills:
 + Level 5.3 Fighting
 - Level 14.0 Polearms
 + Level 1.2 Throwing
 - Level 7.0 Armour
 - Level 7.0 Shields
 + Level 1.4 Evocations


You had 10 spell levels left.
You didn't know any spells.
Your spell library contained the following spells:

 Spells                   Type           Power      Damage    Failure   Level
 Summon Small Mammal      Summ           0%         N/A       100%        1
 Call Imp                 Summ           0%         N/A       100%        2
 Call Canine Familiar     Summ           0%         N/A       100%        3
 Confusing Touch          Hex            0%         N/A       100%        3
 Gell's Gravitas          Tloc           0%         N/A       100%        3
 Summon Guardian Golem    Hex/Summ       0%         N/A       100%        3
 Cause Fear               Hex            0%         N/A       100%        4
 Petrify                  Tmut/Erth      0%         N/A       100%        4
 Summon Ice Beast         Ice/Summ       0%         N/A       100%        4
 Summon Lightning Spire   Summ/Air       0%         N/A       100%        4
 Metabolic Englaciation   Hex/Ice        0%         N/A       100%        5
 Silence                  Hex/Air        0%         N/A       100%        5
 Yara's Violent Unravell  Hex/Tmut       0%         3d3       100%        5
 Discord                  Hex            0%         N/A       100%        8


Dungeon Overview and Level Annotations

Branches:
Dungeon (11/15)            Temple (0/1) D:6         Ossuary (visited)
   Lair: D:8-11         Orc: D:9-12

Altars:
Cheibriados
Hepliaklqana
Okawaru
Qazlal
Ru
Sif Muna
Vehumet
Wu Jian
Xom
Yredelemnul

Annotations:
D:9 Psyche


Innate Abilities, Weirdness & Mutations

Your life essence is reduced to manifest your ancestor. (-10% HP)
You cannot be hasted, slowed, berserked, paralysed or teleported.
You can dig through walls and to a lower floor.
You have a pair of large antennae on your head. (SInv)
Your four strong arms can wield two-handed weapons with a shield.


Message History

You block the jackal's attack. The boulder beetle barely misses you.
You block the orc warrior's attack.
Psyche looks satisfied for a moment.
You hit the boulder beetle but do no damage.
The boulder beetle is lightly wounded.
The boulder beetle bites you!! You block the jackal's attack.
You block the orc warrior's attack.
You are too injured to fight recklessly!
You are too injured to fight recklessly!
You are too injured to fight recklessly!
You are too injured to fight recklessly!
You are too injured to fight recklessly!
You are too injured to fight recklessly!
You are too injured to fight recklessly!
You are too injured to fight recklessly!
You are too injured to fight recklessly!
You are too injured to fight recklessly!
You are too injured to fight recklessly!
You are too injured to fight recklessly!
You are too injured to fight recklessly!
You are too injured to fight recklessly!
You are too injured to fight recklessly!
You are too injured to fight recklessly!
You are too injured to fight recklessly!
You are too injured to fight recklessly!
You extend your mandibles.
You dig through the rock wall.
You block Psyche's attack. You block the boulder beetle's attack.
You block the jackal's attack.
The orc warrior hits you from afar with a +0 trident.
You dig through the rock wall.
You block the boulder beetle's attack.
You dig through the rock wall.
You block the boulder beetle's attack.
Okay, then.
Throw: throwing net
Press: ? - help, Q - select action, (/) - cycle Shift-Dir - straight line, f/p - boulder beetle
Aim: a boulder beetle (lightly wounded, berserk, 90% to hit)
You throw a throwing net.
The throwing net barely misses the boulder beetle.
The throwing net hits the jackal.
The jackal is caught in the net!
The jackal struggles against the net.
The boulder beetle bites you!!
You die...

############..###################
############.......( {
..............{.....
....................
##########.<########
##########..##############
..........................
..........................
.........#######@##.......
#######..# ##B#.......
#######..#########h)).....
.................{.)......
######..#########...)!.... #..#
#..####### #..# #..# #..# #..#
#### ####


You could see a boulder beetle (berserk) and a jackal (caught).

Vanquished Creatures
  A two-headed ogre (D:9)
  Maggie (D:6)
  An efreet (D:9)
  A hornet (D:6)
  5 yaks
  3 hogs (D:8)
  A human (D:8)
  2 orc warriors (D:9)
  A sky beast (D:6)
  A black bear (D:6)
  2 necrophages (D:6)
  2 ogres
  5 centaurs
  2 kobold brigands
  2 bullfrogs
  2 scorpions (D:6)
  A wyvern zombie (D:8)
  4 water moccasin zombies (Ossuary)
  A wyvern skeleton (D:7)
  3 wights (D:8)
  4 howler monkeys
  2 electric eels (D:8)
  A bullfrog zombie (D:6)
  A centaur zombie (D:6)
  3 jellies
  A centaur skeleton (D:5)
  4 hounds
  Crazy Yiuf (D:7)
  2 bullfrog skeletons
  4 iguanas
  2 orc wizards
  A hexer (D:6)
  A hound zombie (D:5)
  A howler monkey zombie (D:6)
  A howler monkey skeleton (D:6)
  3 adders
  A white imp (D:6)
  4 adder zombies (Ossuary)
  A worm (D:2)
  4 dart slugs
  9 orcs
  3 bats
  3 endoplasms
  4 giant cockroaches
  A gnoll zombie (Ossuary)
  5 goblins
  7 hobgoblins
  3 jackals (D:2)
  12 kobolds
  2 quokkas
  4 ball pythons
  4 frilled lizards
  6 hobgoblin zombies (Ossuary)
  2 kobold zombies (Ossuary)
  An orc zombie (Ossuary)
  4 rats
153 creatures vanquished.

Vanquished Creatures (collateral kills)
  A two-headed ogre (D:9)
  A wyvern (D:8)
  A vampire mosquito (D:10)
  Edmund (D:5)
  3 ogres
  A bullfrog (D:9)
  A wyvern zombie (D:7)
  A scorpion (D:5)
  3 water moccasin zombies (Ossuary)
  2 wights (D:8)
  A howler monkey (D:7)
  A centaur skeleton (D:7)
  A hound (D:5)
  2 iguanas (D:5)
  An orc wizard (D:9)
  2 mummies (Ossuary)
  A howler monkey skeleton (D:6)
  2 adders
  An ufetubus (D:4)
  3 adder zombies (Ossuary)
  A worm (D:2)
  A dart slug (D:5)
  6 orcs
  A giant cockroach (D:3)
  A gnoll zombie (Ossuary)
  5 kobolds
  A quokka (D:2)
  2 ball pythons
  3 frilled lizards (D:3)
  3 hobgoblin zombies (Ossuary)
  A kobold zombie (Ossuary)
  An orc zombie (Ossuary)
  2 rats (D:2)
58 creatures vanquished.

Vanquished Creatures (others)
  3 hexers
  A plant (D:8)
  A withered plant (D:1)
5 creatures vanquished.

Grand Total: 216 creatures vanquished

Notes
Turn   | Place    | Note
-------+----------+-------------------------------------------
     0 | D:1      | Delamore the Formicid Fighter began the quest for the Orb.
     0 | D:1      | Reached XP level 1. HP: 18/18 MP: 1/1
     2 | D:1      | Noticed a demigod
     4 | D:1      | Noticed a barachi
     4 | D:1      | Noticed a troll
     6 | D:1      | Noticed a palentonga
     8 | D:1      | Noticed a demonspawn
     8 | D:1      | Noticed a ghoul
    10 | D:1      | Noticed a naga
    10 | D:1      | Noticed a centaur
    12 | D:1      | Noticed a merfolk
    12 | D:1      | Noticed a dwarf
    14 | D:1      | Noticed a gargoyle
    14 | D:1      | Noticed an elf
    16 | D:1      | Noticed a formicid
    16 | D:1      | Noticed an ogre
    18 | D:1      | Noticed a vampire
    18 | D:1      | Noticed an octopode
    20 | D:1      | Noticed a tengu
    22 | D:1      | Noticed a minotaur
    22 | D:1      | Noticed a human
    24 | D:1      | Noticed a felid
    24 | D:1      | Noticed a spriggan
    26 | D:1      | Noticed a vine stalker
    26 | D:1      | Noticed a draconian
   176 | D:1      | Found a faded altar of an unknown god.
   255 | D:1      | Became a worshipper of Hepliaklqana the Forgotten
   255 | D:1      | Reached * piety under Hepliaklqana
   294 | D:1      | Reached XP level 2. HP: 20/21 MP: 2/2
   684 | D:2      | Reached XP level 3. HP: 27/27 MP: 3/3
   725 | D:2      | Reached skill level 3 in Polearms
   748 | D:2      | Reached XP level 4. HP: 27/33 MP: 4/4
  1206 | D:2      | Reached ** piety under Hepliaklqana
  1207 | D:2      | Remembered your ancestor Froggeryz as a hexer
  1774 | D:3      | Reached skill level 4 in Polearms
  1841 | D:3      | Reached XP level 5. HP: 23/37 MP: 5/5
  2028 | D:3      | Found a shimmering altar of Xom.
  2441 | D:4      | Found a radiant altar of Vehumet.
  2543 | D:4      | Found a sand-covered staircase.
  2554 | Ossuary  | Entered an ossuary
  2601 | Ossuary  | Reached skill level 5 in Polearms
  2601 | Ossuary  | Reached XP level 6. HP: 43/45 MP: 6/6
  2611 | Ossuary  | Reached skill level 5 in Fighting
  2803 | Ossuary  | Reached skill level 6 in Polearms
  2803 | Ossuary  | Reached XP level 7. HP: 50/50 MP: 7/7
  2865 | Ossuary  | Reached skill level 7 in Polearms
  2899 | Ossuary  | Identified the +4 short sword of Ymump {drain, +Blink +Rage
                  | Int+5}
  3111 | D:4      | Reached *** piety under Hepliaklqana
  3549 | D:4      | Reached XP level 8. HP: 39/55 MP: 8/8
  3849 | D:5      | Entered Level 5 of the Dungeon
  3904 | D:5      | Reached skill level 8 in Polearms
  4040 | D:5      | Reached **** piety under Hepliaklqana
  4281 | D:5      | Reached skill level 9 in Polearms
  4319 | D:5      | Found an iron altar of Okawaru.
  4406 | D:5      | Found a snail-covered altar of Cheibriados.
  4948 | D:5      | Noticed Edmund
  4964 | D:5      | Killed Edmund
  5283 | D:6      | Reached skill level 10 in Polearms
  5283 | D:6      | Reached XP level 9. HP: 58/61 MP: 9/9
  5427 | D:6      | Noticed a hornet
  5436 | D:6      | Killed a hornet
  5565 | D:6      | Noticed Maggie
  5578 | D:6      | Killed Maggie
  5649 | D:6      | Found a staircase to the Ecumenical Temple.
  5689 | D:6      | Reached skill level 5 in Shields
  5758 | D:6      | Reached skill level 5 in Armour
  5788 | D:6      | Reached skill level 11 in Polearms
  6387 | D:7      | Reached XP level 10. HP: 66/66 MP: 10/10
  6581 | D:7      | Reached ***** piety under Hepliaklqana
  6884 | D:7      | Found a shimmering blue altar of Sif Muna.
  7024 | D:7      | Found a runed translucent door.
  7025 | D:7      | Noticed Crazy Yiuf
  7317 | D:7      | Killed Crazy Yiuf
  7371 | D:8      | You fall into a shaft and drop 3 floors!
  7380 | D:10     | Entered Level 10 of the Dungeon
  7422 | D:10     | Found an ornate altar of the Wu Jian Council.
  7650 | D:8      | Found a transporter.
  7678 | D:8      | Found a sacrificial altar of Ru.
  7834 | D:8      | Found a transporter.
  7901 | D:8      | Reached skill level 12 in Polearms
  8542 | D:8      | Found a stormy altar of Qazlal.
  8783 | D:9      | Found a basalt altar of Yredelemnul.
  8864 | D:9      | Reached skill level 13 in Polearms
  8864 | D:9      | Reached XP level 11. HP: 53/71 MP: 11/11
  9069 | D:9      | Noticed a two-headed ogre
  9084 | D:9      | Killed a two-headed ogre
  9148 | D:9      | Noticed a two-headed ogre
  9156 | D:9      | Killed a two-headed ogre
  9157 | D:9      | Reached skill level 14 in Polearms
  9219 | D:9      | Reached skill level 1 in Evocations
  9662 | D:9      | Reached skill level 1 in Throwing
  9938 | D:9      | Noticed Psyche
  9938 | D:9      | Noticed a boulder beetle
  9955 | D:9      | Slain by a boulder beetle

Illustrated notes

Levels and vault maps discovered:
D:1:      kb_arrival_jail, layout_rooms, shapermc_ecumenical_altar_flowoftime
D:2:      layout_basic
D:3:      layout_loops_ring, xom_teletrap_fun
D:4:      layout_gridville, general_overflow_altar,
          nicolae_ossuary_entry_monument
D:5:      layout_gridville, marbit_many_paths, kennysheep_little_box,
          uniq_edmund
D:6:      minmay_thinvault, layout_rooms, minmay_temple_entry_nine_rooms,
          serial_park_tiny_pond, minmay_misc_feat_more_columns, uniq_maggie
D:7:      layout_cave_pods, nicolae_sif_muna_little_library,
          uniq_crazy_yiuf_cottage
D:8:      gammafunk_steamed_eel, layout_loops_ring,
          nicolae_overflow_hidden_temple, nicolae_ru_awakened_eye,
          grunt_livestock, dk_vineyard_1
D:9:      layout_long_grid, lemuel_coloured_pillars_altar,
          nicolae_overflow_crystal_walls, minmay_bent, uniq_psyche
D:10:     layout_basic, amcnicky_altar_gilded,
          nicolae_uskayaw_murder_on_the_dancefloor, lemuel_tele_altar,
          kennysheep_generic_room_2
D:11:     layout_loops_cross, chequers_serial_rivers_micro_b

Skill      XL: |  1  2  3  4  5  6  7  8  9 10 11 |
---------------+----------------------------------+-----
Polearms       | 3 4 5 6 7 10 11 13 14 | 14.0
Fighting       | 4 5 |  5.3
Armour         | 5 7 |  7.0
Shields        | 6 7 |  7.0
Evocations     | 1 |  1.4
Throwing       | 1 |  1.2

Action                   |  1- 3 |  4- 6 |  7- 9 | 10-12 || total
-------------------------+-------+-------+-------+-------++-------
Melee: Trident           |    61 |   187 |   334 |   290 ||   872
Throw: Boomerang         |       |       |     3 |     3 ||     6
       Throwing net      |       |       |       |     1 ||     1
Invok: Ancestor Life: He |       |     1 |       |       ||     1
       Ancestor Identity |       |     1 |       |       ||     1
       Recall Ancestor   |       |       |       |     1 ||     1
 Abil: Dig               |       |       |     1 |     3 ||     4
Evoke: Wand              |       |       |     3 |     2 ||     5
  Use: Scroll            |     2 |     6 |    11 |     4 ||    23
 Stab: Distracted        |     1 |       |     2 |     1 ||     4
       Confused          |       |     1 |     3 |    22 ||    26
Armor: Scale mail        |     9 |       |       |       ||     9
       Plate armour      |    10 |    85 |   111 |    37 ||   243
Dodge: Dodged            |     9 |    19 |    29 |    18 ||    75
Block: Kite shield       |    15 |    75 |   121 |   135 ||   346
       Reflection        |       |       |       |     4 ||     4

Table legend: (Time is in decaauts)
 A = Elapsed time spent in this place.
 B = Non-inter-level travel time spent in this place.
 C = Inter-level travel time spent in this place.
 D = Time resting spent in this place.
 E = Time spent auto-exploring this place.
 F = Levels seen in this place.
 G = Mean time per level.
                   A        B        C        D        E       F      G
               +--------+--------+--------+--------+--------+-----+--------+
         Total |   9961 |   9614 |    347 |    491 |   7520 |  12 |  830.1 |
       Dungeon |   9585 |   9238 |    347 |    491 |   7326 |  11 |  871.4 |
       Ossuary |    376 |    376 |      0 |      0 |    194 |   1 |  376.0 |
               +--------+--------+--------+--------+--------+-----+--------+

Top non-repeatable levels by time:
     D:5: 1334 daAuts
     D:9: 1294 daAuts
     D:7: 1137 daAuts
     D:8: 1114 daAuts
     D:4: 1072 daAuts
     D:2: 1031 daAuts
     D:6: 1026 daAuts
     D:3: 786 daAuts
     D:1: 667 daAuts
 Ossuary: 376 daAuts
    D:10: 113 daAuts
    D:11: 8 daAuts
